 Dungeon Crawl Stone Soup version 0.30-a0-4-ga7cffc901d (webtiles) character file.

Game seed: 1771612698806958595

101 voltaire321 the Trooper (level 4, -5/40 HPs)
             Began as a Minotaur Fighter on Aug 21, 2022.
             Slain by an orc
             ... wielding a +0 morningstar
              (10 damage)
             ... on level 3 of the Dungeon.
             The game lasted 00:03:30 (1948 turns).

voltaire321 the Trooper (Minotaur Fighter)          Turns: 1948, Time: 00:03:31

Health: -5/40      AC:  8    Str: 23    XL:     4   Next: 48%
Magic:  3/3        EV: 10    Int:  5    God:
Gold:   88         SH:  4    Dex:  9    Spells: 3/3 levels left

rFire   . . .      SeeInvis .    a - +0 war axe
rCold   . . .      Faith    .    c - +0 buckler
rNeg    . . .      Spirit   .    b - +0 scale mail
rPois   .          Reflect  .    (helmet restricted)
rElec   .          Harm     .    (no cloak)
rCorr   .          Rampage  .    (no gloves)
Will    .....                    k - +0 pair of boots
Stlth   ..........               (no amulet)
HPRegen 0.13/turn                (no ring)
MPRegen 0.08/turn                (no ring)

@: no status effects
A: horns 2, retaliatory headbutt
a: no special abilities


You were on level 3 of the Dungeon.
You visited 1 branch of the dungeon, and saw 3 of its levels.

You collected 88 gold pieces.

Inventory:

Hand Weapons
 a - a +0 war axe (weapon)
Missiles
 s - 4 poisoned darts (quivered)
 u - a throwing net
Armour
 b - a +0 scale mail (worn)
 c - a +0 buckler (worn)
 k - a +0 pair of boots (worn)
Jewellery
 h - a ring of fire
Wands
 v - a wand of charming (7)
Scrolls
 e - 2 scrolls of teleportation {unknown}
 i - 2 scrolls of immolation {unknown}
 l - 2 scrolls of identify {unknown}
 m - a scroll of fear {unknown}
 p - a scroll of acquirement {unknown}
 r - a scroll of noise {unknown}
Potions
 d - 2 potions of might
 f - a potion of invisibility {unknown}
 g - a potion of berserk rage {unknown}
 j - a potion of flight {unknown}
 n - a potion of attraction {unknown}
 o - a potion of haste {unknown}
 q - 2 potions of curing {unknown}
 t - a potion of brilliance {unknown}


   Skills:
 + Level 4.2 Fighting
 + Level 3.4 Axes
 + Level 0.5 Throwing
 + Level 4.2 Armour
 + Level 1.8 Dodging
 + Level 4.2 Shields


You had 3 spell levels left.
You didn't know any spells.
Your spell library contained the following spells:

 Spells                   Type           Power      Damage    Failure   Level
 Magic Dart               Conj           0%         1d3       86%         1
 Call Imp                 Summ           0%         N/A       95%         2
 Gell's Gravitas          Tloc           0%         N/A       99%         3
 Lesser Beckoning         Tloc           0%         N/A       99%         3
 Mephitic Cloud           Conj/Pois/Air  0%         N/A       99%         3
 Teleport Other           Tloc           0%         N/A       99%         3


Dungeon Overview and Level Annotations

Branches:
Dungeon (3/15)

Altars:
Ru


Innate Abilities, Weirdness & Mutations

You have a pair of horns on your head.
You reflexively headbutt those who attack you in melee.


Message History

The orc hits you with a +0 morningstar!
A ball python comes into view.
The orc hits you with a +0 morningstar.
The hobgoblin hits you but does no damage.
You barely miss the hobgoblin.
The ball python hisses angrily.
You hit the orc. The orc closely misses you. The hobgoblin hits you.
You hit the hobgoblin.
You kill the hobgoblin!
You barely miss the orc. You hit the orc. You hit the orc but do no damage.
The orc barely misses you. x2; The orc hits you but does no damage.
You block the orc's attack. The orc hits you with a +0 mace.
The orc priest hits you with a +0 dagger.
The orc hits you but does no damage.
You barely miss the orc priest.
You closely miss the orc. x2; You hit the orc.
The orc hits you but does no damage. The orc closely misses you.
The orc priest calls down the wrath of Beogh upon you.
Pain shoots through your body! The orc hits you with a +0 mace.
You barely miss the orc priest. You hit the orc. You closely miss the orc.
You barely miss the ball python. You closely miss the orc.
The ball python bites you.
* * * LOW HITPOINT WARNING * * *
The ball python barely misses you. The orc closely misses you. x2
The orc hits you with a +0 mace!
* * * LOW HITPOINT WARNING * * *
The orc priest closely misses you. You furiously retaliate!
You headbutt the orc priest! The ball python barely misses you.
You furiously retaliate!
You headbutt the ball python.
You kill the ball python!
You slash the orc priest!
You kill the orc priest!
You slash the orc!
You kill the orc!
You slash the orc!
You kill the orc!
You hit the orc. The orc hits you but does no damage.
The rat barely misses you. You furiously retaliate!
You headbutt the rat.
You kill the rat!
The orc hits you with a +0 morningstar!
You die...

.........# .
........#....#
..........#..^.##.
....#._.#.'....''
..#....?..#....#
.......<.......#
..##...........#
.....#...))....# ..##
#.$.)@....# .
#...$o.)$.#
#.........#########
+.................####
#.............###..#..
#####......)..#.......
#.........#.......
...........#.......
#.....############..


You could see an orc.

Vanquished Creatures
  2 orc priests (D:3)
  2 adders
  A worm (D:2)
  8 orcs
  An endoplasm (D:1)
  6 goblins
  2 hobgoblins
  3 jackals (D:1)
  5 ball pythons
  6 bats
  A frilled lizard (D:1)
  4 kobolds
  9 rats
50 creatures vanquished.

Notes
Turn   | Place    | Note
-------+----------+-------------------------------------------
     0 | D:1      | voltaire321 the Minotaur Fighter began the quest for the
                  | Orb.
     0 | D:1      | Reached XP level 1. HP: 19/19 MP: 0/0
   357 | D:1      | Reached XP level 2. HP: 27/27 MP: 1/1
   710 | D:2      | Reached skill level 1 in Dodging
   863 | D:2      | Reached XP level 3. HP: 20/33 MP: 2/2
  1057 | D:2      | Found a faded altar of an unknown god.
  1566 | D:3      | Found a sacrificial altar of Ru.
  1681 | D:3      | Reached XP level 4. HP: 19/40 MP: 3/3
  1948 | D:3      | Slain by an orc

Illustrated notes

Levels and vault maps discovered:
D:1:      dpeg_arrival_three_bigger_balls, layout_basic
D:2:      layout_basic, shapermc_ecumenical_altar_venn, chequers_garden
D:3:      layout_basic, led_sif_book, mainiacjoe_overflow_tiny_flanked

Skill      XL: |  1  2  3 |
---------------+----------+-----
Dodging        | 1 |  1.8
Fighting       | 4 |  4.2
Armour         | 4 |  4.2
Shields        | 4 |  4.2
Axes           | 3 |  3.4
Throwing       | |  0.5

Action                   |  1- 3 |  4- 6 || total
-------------------------+-------+-------++-------
Melee: War axe           |    92 |    13 ||   105
       Headbutt          |     6 |       ||     6
Armor: Scale mail        |    44 |     9 ||    53
Dodge: Dodged            |    54 |    15 ||    69
Block: Buckler           |    29 |     2 ||    31

Table legend: (Time is in decaauts)
 A = Elapsed time spent in this place.
 B = Non-inter-level travel time spent in this place.
 C = Inter-level travel time spent in this place.
 D = Time resting spent in this place.
 E = Time spent auto-exploring this place.
 F = Levels seen in this place.
 G = Mean time per level.
                   A        B        C        D        E       F      G
               +--------+--------+--------+--------+--------+-----+--------+
         Total |   1989 |   1951 |     38 |      0 |   1509 |   3 |  663.0 |
       Dungeon |   1989 |   1951 |     38 |      0 |   1509 |   3 |  663.0 |
               +--------+--------+--------+--------+--------+-----+--------+

Top non-repeatable levels by time:
     D:2: 962 daAuts
     D:1: 675 daAuts
     D:3: 350 daAuts
